Unix NetHack Version 3.7.0-97 Work-in-progress - last build Feb 8 2024 15:05:57 (6d6cdf8371b60126770a3d7b88910941cb14a054,branch:master). Game began 2024-02-11 10:34:43, ended 2024-02-11 10:46:26. elenmirie, neutral female gnomish Archeologist -------- ---------- |%%%%%.| |........| |...!.%| ---------- ----- |........| |!%....| ###-........| |....############.........| |*[).?.| # |...[....| |.>.| ------.--- |..%/..| # -.-------- |...| # -|------ # #### |.(.. # ## ## #### #-...| # # # ##@f #----- ### ### ## @## ## ------.----- # # --------|------- ## |..........| ## ### |......e........#%## |..........| ----.------ # |..............| ## .......<...| |.........| # |...............##### |..........| |.........| # |..............| -..........| |.........-## ---------------- ------------ |...`.....| |.........| ----------- Elenmirie the Field Worker St:11 Dx:11 Co:11 In:15 Wi:14 Ch:12 Neutral Dlvl:3 $:12 HP:0(24) Pw:19(19) AC:7 Xp:3/66 T:1913 Weak Deaf Latest messages: Coco is splashed by the acid blob's acid! You stop searching. You are beginning to feel hungry. You stop searching. The iguana bites! You miss the iguana. You lash the iguana. The iguana bites! You kill the iguana! You hear a jackal howling at the moon. Coco bites the acid blob. Coco misses the acid blob. Coco misses the acid blob. Coco bites the acid blob. The acid blob is killed! You stop searching. The werejackal changes into a human. What do you want to use or apply? [aglpstwxP or ?*] P In what direction? l Status of Coco (neutral, small): Level 2 HP 9(10) AC 6, tame. You hear a jackal howling at the moon. You hear the chime of a cash register. Coco misses it. Coco misses it. Coco misses it. Coco misses it. Coco misses it. You are in full health. You hear some noises. Coco is splashed by its acid! You lash the werejackal. The werejackal hits! You lash the werejackal. The werejackal hits! You miss the werejackal. The werejackal hits! You lash the werejackal. The werejackal hits! You are beginning to feel weak. You swap places with Coco. What do you want to eat? [djz or ?*] ? Blecch! Rotten food! The world spins and goes dark. The werejackal hits! You die... Do you want your possessions identified? [ynq] (y) y Do you want to see your attributes? [ynq] (y) y Do you want an account of creatures vanquished? [ynaq] (y) y Do you want to see your conduct and achievements? [ynq] (y) y Do you want to see the dungeon overview? [ynq] (y) y Inventory: Coins $ - 12 gold pieces Amulets u - an uncursed amulet of ESP (being worn) Weapons o - an uncursed +0 elven dagger a - an uncursed +2 bullwhip (weapon in right hand) Armor c - an uncursed +0 fedora n - an uncursed +0 orcish helm (being worn) r - an uncursed +0 pair of low boots (being worn) b - an uncursed +0 leather jacket (being worn) Comestibles d - 4 uncursed food rations A - an uncursed partly eaten food ration z - an uncursed sprig of wolfsbane j - an uncursed tripe ration Scrolls y - an uncursed scroll of light Wands s - an uncursed wand of lightning (0:3) l - an uncursed wand of polymorph (0:6) Tools w - an uncursed sack containing 3 items p - an uncursed tooled horn P - an uncursed stethoscope t - an uncursed tinning kit (0:70) x - an uncursed towel Gems/Stones g - an uncursed touchstone Contents of the sack: a blessed scroll of light an uncursed potion of speed an uncursed +0 pick-axe Elenmirie the Archeologist's attributes: Background: You were a Field Worker, a level 3 female gnomish Archeologist. You were neutral, on a mission for Camaxtli who was opposed by Quetzalcoatl (lawful) and Huhetotl (chaotic). You were right-handed. You were in the Dungeons of Doom, on level 3. You entered the dungeon 1913 turns ago. There was a new moon in effect when your adventure ended. You had 66 experience points, 14 more were needed to attain level 4. Basics: You had 0 out of 24 hit points. You had all 19 energy points (spell power). Your armor class was 7. Your wallet contained 12 zorkmids. Autopickup was on for '$' plus thrown. Final Characteristics: Your strength was 11 (base:12, limit:18/50). Your dexterity was 11 (limit:18). Your constitution was 11 (limit:18). Your intelligence was 15 (limit:19). Your wisdom was 14 (limit:18). Your charisma was 12 (limit:18). Final Status: You were deaf. You were weak from severe hunger. You were unencumbered. You were wielding a whip. You had basic skill with whip. Final Attributes: You were devoutly aligned. You were telepathic. You had automatic searching. You had infravision. You are dead. Miscellaneous: You never encountered a bones level. Total elapsed playing time was 11 minutes and 42 seconds. Major events: Turn 1: elenmirie the neutral female gnomish Archeologist entered the dungeon 1081: attained the rank of Field Worker (level 3) 1913: killed by a werejackal, while unconscious from rotten food Vanquished creatures: a floating eye a homunculus an iguana an acid blob a coyote a hobbit a giant rat a gnome zombie 3 geckos 4 jackals 2 goblins 5 sewer rats 2 lichens 3 kobold zombies 5 newts 32 creatures vanquished. No species were genocided or became extinct. Voluntary challenges: You were illiterate. You never engraved Elbereth. You never genocided any monsters. You never polymorphed an object. You never changed form. You used no wishes. Achievements: You entered a shop. You attained the rank of Field Worker. The Dungeons of Doom: levels 1 to 3 Level 1: A fountain. Level 2: Some fountains. Level 3: <- You were here. Final resting place for you, killed by a werejackal, while unconscious from rotten food. Game over: ---------- / \ / REST \ / IN \ / PEACE \ / \ | elenmirie | | 12 Au | | killed by a | | werejackal | | | | | | 2024 | *| * * * | * _________)/\\_//(\/(/\)/\//\/|_)_______ Goodbye elenmirie the Archeologist... You died in The Dungeons of Doom on dungeon level 3 with 385 points, and 12 pieces of gold, after 1913 moves. You were level 3 with a maximum of 24 hit points when you died.